 Dungeon Crawl Stone Soup version 0.30-b1-2-g02819fbbbe (webtiles) character file.

Game seed: 11648365508569887578

317 Ashen the Caller (level 6, -2/59 HPs)
             Began as an Ogre Summoner on Sept 6, 2023.
             Splashed by a jelly's acid (10 damage)
             ... on level 4 of the Dungeon.
             The game lasted 00:18:08 (3895 turns).

Ashen the Caller (Ogre Summoner)                    Turns: 3895, Time: 00:18:10

Health: -2/59      AC: -6    Str: 13    XL:     6   Next: 45%
Magic:  12/12      EV: 10    Int: 18    God:
Gold:   325        SH:  0    Dex:  9    Spells: 4/13 levels left

rFire   . . .        c - +4 whip
rCold   . . .        (no shield)
rNeg    . . .        a - +0 robe
rPois   .            (helmet restricted)
rElec   .            p - +2 cloak {Will+}
rCorr   .            (gloves unavailable)
SInv    .            (boots unavailable)
Will    +....        (no amulet)
Stlth   +            (no ring)
HPRegen 0.29/turn    (no ring)
MPRegen 0.13/turn

%: no passive effects
@: corroded
A: large, unfitting armour, tough skin 1
a: no special abilities


You were on level 4 of the Dungeon.
You visited 1 branch of the dungeon, and saw 4 of its levels.

You collected 325 gold pieces.

Inventory:

Hand Weapons
 c - a +4 whip (weapon)
 t - a +0 flail of draining
Armour
 a - a +0 robe (worn)
 j - +0 swamp dragon scales
 p - a +2 cloak of willpower (worn)
Wands
 u - a wand of paralysis (7)
Scrolls
 g - 3 scrolls of enchant weapon
 h - 4 scrolls of identify
 k - a scroll of magic mapping
 m - 2 scrolls of teleportation
 n - a scroll of poison {unknown}
 s - a scroll of torment {unknown}
Potions
 b - a potion of magic
 e - 3 potions of invisibility {unknown}
 f - a potion of resistance {unknown}
 i - 3 potions of flight {unknown}
 l - a potion of attraction {unknown}
 o - a potion of curing
 q - a potion of haste {unknown}
 r - 2 potions of lignification {unknown}
 v - a potion of berserk rage {unknown}


   Skills:
 + Level 2.7 Fighting
 + Level 1.7 Maces & Flails
 + Level 2.7 Dodging
 - Level 1.4 Stealth
 * Level 4.3 Spellcasting
 * Level 4.8 Summonings


You had 4 spell levels left.
You knew the following spells:

 Your Spells              Type           Power      Damage    Failure   Level
a - Summon Small Mammal   Summ           84%        N/A       1%          1
b - Call Imp              Summ           42%        N/A       3%          2
c - Call Canine Familiar  Summ           21%        N/A       6%          3
d - Summon Guardian Gole  Hex/Summ       12%        N/A       16%         3

Your spell library contained the following spells:

 Spells                   Type           Power      Damage    Failure   Level
 Freeze                   Ice            12%        1d3       14%         1
 Ensorcelled Hibernation  Hex/Ice        6%         N/A       22%         2
 Passwall                 Tmut/Erth      2%         N/A       22%         2
 Frozen Ramparts          Ice            6%         1d1       38%         3
 Hailstorm                Conj/Ice       3%         3d3       38%         3
 Stone Arrow              Conj/Erth      6%         3d7       38%         3
 Swiftness                Air            3%         N/A       38%         3
 Tukima's Dance           Hex            3%         N/A       38%         3
 Vhi's Electric Charge    Tloc/Air       6%         N/A       38%         3
 Animate Armour           Summ/Erth      24%        N/A       45%         4
 Summon Lightning Spire   Summ/Air       12%        N/A       45%         4
 Passage of Golubria      Tloc           3%         N/A       80%         4
 Arcjolt                  Conj/Air       1%         1d11      98%         5
 Yara's Violent Unravell  Hex/Tmut       1%         3d3       98%         5
 Lehudib's Crystal Spear  Conj/Erth      1%         10d2      100%        8
 Maxwell's Capacitive Co  Air            1%         ∞         100%        8


Dungeon Overview and Level Annotations

Branches:
Dungeon (4/15)
 Temple: D:4-7

Altars:
Ru

Shops:
D:3 (

Annotations:
D:4 Eustachio


Innate Abilities, Weirdness & Mutations

You are too large for most types of armour.
You have tough skin. (AC +1)


Message History

There is an open door here.
Found a sacrificial altar of Ru.
You now have 325 gold pieces (gained 10).
A jelly comes into view.
The jelly quivers.
The jelly hits you but does no damage.
You hit the jelly. The acid corrodes you!
Your hands burn!
The jelly is lightly wounded.
The jelly barely misses you.
You hit the jelly.
Your hands burn!
The jelly is moderately wounded.
The jelly closely misses you.
You hit the jelly.
Your hands burn!
You punch the jelly, but do no damage.
The jelly is heavily wounded.
The jelly hits you but does no damage.
You hit the jelly. The acid corrodes you!
Your hands burn!
The jelly is almost dead.
The jelly hits you. The acid corrodes you!
You are splashed with acid.
You hit the jelly but do no damage.
Your hands burn!
The jelly is almost dead.
The jelly misses you.
You hit the jelly but do no damage.
Your hands burn!
The jelly is almost dead.
The jelly barely misses you.
You hit the jelly but do no damage.
Your hands burn!
The jelly is almost dead.
The jelly hits you.
You are splashed with acid!
You are too injured to fight recklessly!
You are too injured to fight recklessly!
You hit the jelly but do no damage.
Your hands burn!
* * * LOW HITPOINT WARNING * * *
The jelly is almost dead.
The jelly closely misses you.
You hit the jelly but do no damage.
Your hands burn!
* * * LOW HITPOINT WARNING * * *
The jelly is almost dead.
The jelly hits you.
* * * LOW HITPOINT WARNING * * *
You are splashed with acid!
You die...

≈.# ≈.# ≈.# ≈.# ≈.#
..# #########
#####........
......#######
########## #####.#
#/@J......
#.#########.########
#...........#
#.########### ###


You could see a jelly.

Vanquished Creatures
  Ijyb (D:3)
  3 worms
  2 dart slugs (D:1)
  5 orcs
  6 ball pythons
  5 endoplasms
  2 giant cockroaches (D:3)
  11 hobgoblins
  5 kobolds
  2 quokkas
  3 bats (D:1)
  6 goblins
  4 rats
55 creatures vanquished.

Vanquished Creatures (collateral kills)
  Crazy Yiuf (D:2)
  Jessica (D:3)
  An iguana (D:4)
  An orc wizard (D:2)
  2 gnolls (D:3)
  3 adders
  A worm (D:2)
  4 orcs
  A ball python (D:3)
  A rat (D:2)
16 creatures vanquished.

Vanquished Creatures (others)
  5 gnolls (D:3)
  3 fungi (D:3)
8 creatures vanquished.

Grand Total: 79 creatures vanquished

Notes
Turn   | Place    | Note
-------+----------+-------------------------------------------
     0 | D:1      | Ashen the Ogre Summoner began the quest for the Orb.
     0 | D:1      | Reached XP level 1. HP: 16/16 MP: 3/3
   283 | D:1      | Reached XP level 2. HP: 26/26 MP: 5/5
   286 | D:1      | Learned a level 2 spell: Call Imp
   577 | D:1      | Reached XP level 3. HP: 31/32 MP: 7/7
   828 | D:1      | Reached skill level 1 in Fighting
  1471 | D:2      | Reached XP level 4. HP: 32/41 MP: 4/8
  1578 | D:2      | Found a runed translucent door.
  1579 | D:2      | Noticed Crazy Yiuf
  1635 | D:2      | Learned a level 3 spell: Call Canine Familiar
  1825 | D:2      | Killed Crazy Yiuf
  1826 | D:2      | Reached skill level 1 in Maces & Flails
  1996 | D:3      | Found Errecin's Weapon Shop.
  2214 | D:3      | Learned a level 3 spell: Summon Guardian Golem
  2279 | D:2      | Reached XP level 5. HP: 23/49 MP: 5/10
  2760 | D:3      | Noticed Jessica
  2764 | D:3      | Killed Jessica
  2892 | D:3      | Noticed Ijyb
  3005 | D:3      | Killed Ijyb
  3182 | D:3      | Reached XP level 6. HP: 58/59 MP: 9/12
  3640 | D:4      | Noticed Eustachio
  3842 | D:4      | Found a sacrificial altar of Ru.
  3895 | D:4      | Splashed by a jelly's acid

Illustrated notes

Levels and vault maps discovered:
D:1:      dpeg_arrival_solitude, layout_loops_corners, minmay_indecisive_spiral
D:2:      layout_basic, uniq_crazy_yiuf_cottage
D:3:      layout_basic, serial_shops, nicolae_shop_bloodbath_and_beyond,
          minmay_shallow_snake_nest, uniq_jessica, uniq_ijyb
D:4:      layout_basic, mainiacjoe_overflow_concentric_impassable,
          mainiacjoe_overflow_six_doors_small, minmay_starry_boxes,
          uniq_eustachio

Skill      XL: |  1  2  3  4  5 |
---------------+----------------+-----
Spellcasting   | 3 4 |  4.3
Dodging        | 2 |  2.7
Fighting       | 1 2 |  2.7
Summonings     | 4 |  4.8
Maces & Flails | 1 |  1.7
Stealth        | |  1.4

Action                     |  1- 3 |  4- 6 || total
---------------------------+-------+-------++-------
  Melee: Whip              |   116 |   120 ||   236
         Punch             |     1 |     2 ||     3
   Cast: Summon Small Mamm |     4 |     6 ||    10
         Call Imp          |     2 |     6 ||     8
         Call Canine Famil |       |    16 ||    16
         Summon Guardian G |       |    11 ||    11
  Evoke: Wand              |       |     3 ||     3
    Use: Scroll            |       |     4 ||     4
         Potion            |       |     2 ||     2
   Stab: Sleeping          |     4 |       ||     4
 Armour: Robe              |    35 |    69 ||   104
  Dodge: Dodged            |    51 |   110 ||   161
